 Dungeon Crawl Stone Soup version 0.16.1-14-g82efdee (webtiles) character file.

14558 KarvaRausku the Carver (level 12, -5/76 HPs)
             Began as a Tengu Gladiator on Apr 11, 2015.
             Was a High Priest of Okawaru.
             Slain by a green ugly thing (8 damage)
             ... summoned by a giant orange brain
             ... on level 1 of the Abyss.
             The game lasted 01:17:01 (16712 turns).

KarvaRausku the Carver (Tengu Gladiator)           Turns: 16712, Time: 01:17:02

Health: -5/76      AC: 15    Str: 21    XL:     12   Next: 17%
Magic:  0/25       EV: 11    Int:  8    God:    Okawaru [*****.]
Gold:   550        SH:  0    Dex: 17    Spells: 0 memorised, 11 levels left

rFire  . . .     SeeInvis .     A - +3 dagger of Death's Door {venom, MP+9 Str+2 Stlth+}
rCold  . . .     Clarity  .     b - +0 plate armour
rNeg   . . .     SustAb   .     (no shield)
rPois  .         Gourm    .     c - +0 hat
rElec  .         Spirit   +     S - +0 cloak
rCorr  .         Warding  .     (no gloves)
rMut   .         Stasis   .     (boots unavailable)
MR     .....                    R - amulet of guardian spirit
Stlth  ..........               (no ring)
                                (no ring)

@: confused, about to teleport, afraid, not resistant to hostile enchantments,
extremely unstealthy
A: able to fly, beak, talons 3
a: Fly, Heroism, Finesse, Renounce Religion


You were on level 1 of the Abyss.
You worshipped Okawaru.
Okawaru was extremely pleased with you.
You were not hungry.

You visited 2 branches of the dungeon, and saw 13 of its levels.
You visited the Abyss 1 time.

You collected 550 gold pieces.

Inventory:

Hand weapons
 a - a +0 long sword
 t - a +1 long sword
 A - the +3 dagger of Death's Door (weapon) {venom, MP+9 Str+2 Stlth+}
   (You found it on level 4 of the Dungeon)

   It poisons the flesh of those it strikes.
   It affects your strength (+2).
   It affects your magic capacity (+9).
   It makes you more stealthy.
 F - a +5 quarterstaff of speed
 K - the +3 trident "Kuitaj" {holy, MR+ SInv, unknown}
   (You found it on level 1 of the Abyss)

   It has been blessed by the Shining One to cause great damage to the undead
   and demons.
   It affects your resistance to hostile enchantments.
   It enhances your eyesight.
Missiles
 d - 10 tomahawks
 z - 4 poisoned javelins
 H - 8 javelins of returning (quivered)
 Z - 4 tomahawks of returning
Armour
 b - a +0 plate armour (worn)
 c - a +0 hat (worn)
 O - a +2 leather armour of fire resistance
 S - a +0 cloak (worn)
Jewellery
 q - an uncursed amulet of resist corrosion
 R - an amulet of guardian spirit (around neck)
 W - an uncursed amulet of warding {unknown}
Magical devices
 w - a wand of invisibility (1)
 x - a wand of disintegration (6)
 E - a wand of random effects (20)
 J - a wand of polymorph (13)
 L - a wand of frost (8)
 U - a wand of slowing (0)
 V - a wand of slowing (1)
Scrolls
 j - 5 scrolls of amnesia
 m - 2 scrolls of recharging {unknown}
 o - 2 scrolls of random uselessness {unknown}
 p - 4 scrolls of identify
 r - a scroll of blinking {unknown}
 s - a scroll of teleportation
 u - 2 scrolls of remove curse
 y - 2 scrolls of enchant armour {unknown}
 G - 2 scrolls of fog {unknown}
Potions
 e - a potion of degeneration {unknown}
 h - a potion of might
 i - a potion of invisibility
 v - a potion of ambrosia {unknown}
 D - a potion of agility {unknown}
 I - a potion of curing
 N - 3 potions of restore abilities
 P - 3 potions of magic {unknown}
 T - a potion of flight {unknown}
 X - 2 potions of brilliance {unknown}
 Y - a potion of resistance {unknown}
Books
 n - the Collected Works on Self-Knowledge
   (You found it on level 9 of the Dungeon)

   Spells                             Type                      Level
   a - Song of Slaying                Charms                       2
   b - Regeneration                   Charms/Necromancy            3
   c - Flight                         Charms/Air                   3
   d - Control Teleport               Charms/Translocation         4
 C - a book of Maledictions

   Spells                             Type                      Level
   a - Corona                         Hexes                        1
   b - Sure Blade                     Hexes/Charms                 2
   c - Ensorcelled Hibernation        Hexes/Ice                    2
   d - Confuse                        Hexes                        3
   e - Dazzling Spray                 Conjuration/Hexes            3
   f - Enslavement                    Hexes                        4
 M - a book of Death

   Spells                             Type                      Level
   a - Corpse Rot                     Necromancy                   2
   b - Sublimation of Blood           Necromancy                   2
   c - Agony                          Necromancy                   5
   d - Dispel Undead                  Necromancy                   5
   e - Excruciating Wounds            Charms/Necromancy            5
   f - Bolt of Draining               Conjuration/Necromancy       5
 Q - a book of Unlife

   Spells                             Type                      Level
   a - Recall                         Summoning/Translocation      3
   b - Animate Dead                   Necromancy                   4
   c - Control Undead                 Necromancy                   4
   d - Cigotuvi's Embrace             Necromancy                   5
   e - Death Channel                  Necromancy                   6
   f - Simulacrum                     Ice/Necromancy               6
Miscellaneous
 g - a sack of spiders
Comestibles
 f - 11 bread rations
 k - 7 meat rations
 l - 3 beef jerkies
 B - 3 fruits


   Skills:
 + Level 9.3 Fighting
 + Level 13.7 Long Blades
 + Level 5.6 Throwing
 + Level 8.2 Armour
 + Level 8.9 Dodging


You had 11 spell levels left.
You didn't know any spells.

Dungeon Overview and Level Annotations

Branches:
Dungeon (12/15)            Temple (1/1) D:5            Lair (0/8) D:10
    Orc (0/4) D:9

Altars:
Ashenzari
Cheibriados
Dithmenos
Elyvilon
Fedhas
Gozag
Kikubaaqudgha
Makhleb
Nemelex Xobeh
Okawaru
Qazlal
Ru
Sif Muna
Trog
Vehumet
Xom
Yredelemnul
Zin
The Shining One
Beogh

Shops:
D:12 =

Annotations:
D:8 Joseph
D:12 Nessos, Psyche


Innate Abilities, Weirdness & Mutations

You can fly.
You have a beak for a mouth.
You have claws for feet.


Message History

The green very ugly thing kicks you but does no damage.
Drink which item? (? for menu, Esc to quit)
You feel better. The ancient lich touches you.
* * * LOW HITPOINT WARNING * * *
The giant orange brain pulsates.
You are confused.
The green ugly thing gores you but does no damage.
The green very ugly thing closely misses you.
The green very ugly thing misses you.
The giant orange brain pulsates ominously.
The giant orange brain pulsates.
The giant orange brain radiates an aura of fear!
You are terrified of the giant orange brain!
A starcursed mass splits.
A chorus of shrieks assaults your mind.
* * * LOW HITPOINT WARNING * * *
The ancient lich touches you!
* * * LOW HITPOINT WARNING * * *
The green ugly thing gores you!
You die...

..#.....#... .# #.
...............
#......... ..... .
#.. .........!$....
####
..###.....u.#..
#.......#.G##u....#
... .# #.#G.X##.. #
# ..##.#L#X##.....#
#.##..#u@#..#. #.
## #..uu#u#.# [.#.
#.###.###....#.
#.## #.###.#. . #
#.## #..... . #..


You could see 2 starcursed masses, an ancient lich, 3 very ugly things, 2 ugly
things and 2 giant orange brains.

Vanquished Creatures
  Erolcha (D:12)
  4 hill giants
  A manticore (D:11)
  A gargoyle (D:12)
  A centaur skeleton (D:9)
  A troll (D:10)
  Grinder (D:3)
  2 two-headed ogres
  9 yaks
  A deep elf mage (D:12)
  A spriggan (D:8)
  A shadow (D:11)
  2 vampire mosquitoes (D:12)
  3 wyverns
  3 hippogriffs
  A hungry ghost (D:12)
  2 wolves (D:10)
  A water moccasin (D:10)
  A black bear (D:9)
  4 ice beasts
  2 sky beasts
  9 ogres
  8 orc warriors
  10 centaurs
  3 phantoms
  2 crocodiles
  A wyvern zombie (D:9)
  9 giant frogs
  5 scorpions
  8 wights
  18 killer bees
  3 electric eels
  3 crimson imps
  3 jellies
  2 goliath beetles
  A giant frog zombie (D:10)
  5 hounds
  A gnoll shaman (D:8)
  4 orc priests
  2 iguanas
  8 orc wizards
  2 giant frog skeletons (D:12)
  Natasha (thrice) (D:6)
  7 worker ants
  An ogre zombie (D:9)
  2 hound skeletons
  16 gnolls
  12 adders
  4 shadow imps
  A giant mite (D:6)
  A worm (D:3)
  An adder skeleton (D:8)
  5 giant geckos
  An ooze (D:3)
  51 orcs
  2 ball pythons (D:1)
  A bat skeleton (D:7)
  2 bat zombies (D:8)
  5 giant cockroaches
  4 goblins
  14 hobgoblins
  8 quokkas
  13 bats
  2 giant newts
  A giant spore (D:11)
  6 jackals
  12 kobolds
  2 orc skeletons (D:9)
  2 orc zombies (D:9)
  A quokka skeleton (D:9)
  19 rats
  5 ballistomycetes (D:11)
354 creatures vanquished.

Vanquished Creatures (others)
  A deep elf mage (D:11)
  A killer bee (D:10)
  An electric eel (D:10)
  A giant spore (D:10)
  A ballistomycete (D:10)
5 creatures vanquished.

Grand Total: 359 creatures vanquished

Notes
Turn   | Place    | Note
--------------------------------------------------------------
     0 | D:1      | KarvaRausku, the Tengu Gladiator, began the quest for the Orb.
     0 | D:1      | Reached XP level 1. HP: 12/12 MP: 1/1
    70 | D:1      | Reached XP level 2. HP: 15/17 MP: 3/3
   106 | D:1      | Reached skill level 4 in Long Blades
   358 | D:1      | Reached XP level 3. HP: 17/21 MP: 4/4
   778 | D:2      | Found a sacrificial altar of Ru.
   898 | D:2      | Reached skill level 5 in Long Blades
   905 | D:2      | Reached XP level 4. HP: 13/26 MP: 5/5
  1788 | D:3      | Noticed Grinder
  1798 | D:3      | Killed Grinder
  1798 | D:3      | Reached skill level 7 in Long Blades
  1798 | D:3      | Reached XP level 5. HP: 8/30 MP: 7/7
  1798 | D:3      | Reached XP level 6. HP: 9/35 MP: 8/8
  2250 | D:3      | Found a radiant altar of Vehumet.
  2604 | D:3      | Found an opulent altar of Gozag.
  2933 | D:4      | Got a jewelled dagger
  3011 | D:4      | Identified the +3 dagger of Death's Door {venom, MP+9 Str+2 Stlth+} (You found it on level 4 of the Dungeon)
  3135 | D:4      | Found a deep blue altar of Sif Muna.
  3435 | D:4      | Reached XP level 7. HP: 36/41 MP: 9/9
  3831 | D:4      | Found a white marble altar of Elyvilon.
  3999 | D:5      | Entered Level 5 of the Dungeon
  4036 | D:5      | Found a staircase to the Ecumenical Temple.
  4037 | D:5      | Noticed Sigmund
  4051 | D:5      | Noticed Sigmund
  4053 | D:5      | Killed Sigmund the adder
  4053 | D:5      | Reached skill level 8 in Long Blades
  4829 | D:5      | Reached skill level 9 in Long Blades
  4969 | D:6      | Reached XP level 8. HP: 39/48 MP: 11/11
  5320 | D:6      | Noticed Natasha
  5710 | D:6      | Reached skill level 5 in Fighting
  5846 | D:6      | Killed Natasha
  5910 | D:6      | Noticed Natasha
  5915 | D:6      | Killed Natasha
  5968 | D:6      | Noticed Natasha
  5973 | D:6      | Killed Natasha
  6226 | D:6      | Reached skill level 10 in Long Blades
  6286 | Temple   | Entered the Ecumenical Temple
  6348 | Temple   | Became a worshipper of Warmaster Okawaru
  6754 | D:7      | Reached skill level 1 in Armour
  7032 | D:7      | Reached XP level 9. HP: 51/55 MP: 12/12
  7496 | D:7      | Acquired Okawaru's first power
  7914 | D:7      | Reached skill level 11 in Long Blades
  8142 | D:8      | Reached skill level 5 in Dodging
  8450 | D:8      | Found a glowing golden altar of the Shining One.
  8588 | D:8      | Found a blossoming altar of Fedhas.
  8594 | D:8      | Found a snail-covered altar of Cheibriados.
  8890 | D:8      | Noticed Joseph
  9490 | D:9      | Reached XP level 10. HP: 58/61 MP: 13/13
  9907 | D:9      | Reached skill level 12 in Long Blades
 10087 | D:9      | Noticed a centaur skeleton
 10118 | D:9      | Killed a centaur skeleton
 10169 | D:9      | Found a roughly hewn altar of Beogh.
 10218 | D:9      | Reached skill level 5 in Armour
 10302 | D:9      | Found a staircase to the Orcish Mines.
 10533 | D:9      | Identified the Collected Works on Self-Knowledge
 10814 | D:10     | Entered Level 10 of the Dungeon
 11888 | D:10     | Noticed a hill giant
 12107 | D:10     | Reached XP level 11. HP: 61/68 MP: 15/15
 12201 | D:10     | Reached skill level 13 in Long Blades
 12315 | D:10     | Killed a hill giant
 13127 | D:10     | Found a staircase to the Lair.
 13699 | D:10     | Noticed a hill giant
 13711 | D:10     | Killed a hill giant
 13789 | D:10     | Received a gift from Okawaru
 14253 | D:11     | Received a gift from Okawaru
 15223 | D:11     | Acquired Okawaru's second power
 15840 | D:11     | Noticed a hill giant
 15850 | D:11     | Killed a hill giant
 15850 | D:11     | Reached skill level 5 in Throwing
 15888 | D:12     | Noticed Erolcha
 16026 | D:12     | Reached XP level 12. HP: 51/76 MP: 16/16
 16223 | D:12     | Killed Erolcha
 16223 | D:12     | Received a gift from Okawaru
 16393 | D:12     | Found Helex's Jewellery Emporium.
 16398 | D:12     | Noticed Nessos
 16433 | D:12     | Noticed a hill giant
 16450 | D:12     | Killed a hill giant
 16545 | D:12     | Noticed Psyche
 16563 | D:12     | Cast into the Abyss (Psyche)
 16648 | Abyss:1  | Noticed an ancient lich
 16692 | Abyss:1  | Got a dazzling trident
 16709 | Abyss:1  | Noticed a brown very ugly thing
 16709 | Abyss:1  | Noticed a brown very ugly thing
 16709 | Abyss:1  | Noticed a green very ugly thing
 16709 | Abyss:1  | Noticed a green very ugly thing
 16709 | Abyss:1  | Noticed a brown very ugly thing
 16709 | Abyss:1  | Noticed a starcursed mass
 16712 | Abyss:1  | HP: 3/76 [ancient lich (8)]
 16712 | Abyss:1  | Slain by a green ugly thing

Action                   |  1- 3 |  4- 6 |  7- 9 | 10-12 || total
-------------------------+-------+-------+-------+-------++-------
Melee: Long sword        |    82 |    87 |       |    27 ||   196
       Dagger            |       |    18 |   521 |   925 ||  1464
Throw: Throwing net      |       |     1 |     2 |       ||     3
       Javelin           |       |       |     4 |    64 ||    68
       Tomahawk          |       |       |    13 |    18 ||    31
Invok: Heroism           |       |       |     1 |     5 ||     6
 Abil: Fly               |       |       |     3 |       ||     3
Evoke: Wand              |       |       |    26 |    18 ||    44
       Sack of spiders   |       |       |       |     2 ||     2
  Use: Scroll            |       |     1 |     8 |    15 ||    24
       Potion            |       |       |     2 |     6 ||     8
 Stab: Invisible         |       |       |     1 |       ||     1
       Sleeping          |       |       |     3 |     2 ||     5
  Eat: Chunk             |       |     7 |    14 |    17 ||    38
       Bread ration      |       |       |     1 |     1 ||     2
       Pizza             |       |       |     1 |     1 ||     2
       Fruit             |       |       |     1 |       ||     1
       Royal jelly       |       |       |       |     1 ||     1
